Map: Proxima Station LE

Players

ROBOTOSS - Winner!

  • Race: Protoss Protoss
  • League: Diamond
  • Spawn Location: 7:00

lovenico

  • Race: Zerg Zerg
  • League: Diamond
  • Spawn Location: 1:00

VOD

Have the link to the VOD?

Description

Time

  • Played on: May 28, 2017, 3:37 p.m.
  • Length: 16:14
Show
View Real Time Build Order
Export as new Build Order

ROBOTOSS Protoss - Winner!

Build Orders: Cannon Rush 

Get SALT Encoding   

  12  0:02  Probe (Chrono Boost)  
  13  0:13  Probe (Chrono Boost)  
  14  0:22  Pylon  
  14  0:26  Probe (Chrono Boost)  
  15  0:40  Probe (Chrono Boost)  
  16  0:48  Forge  
  16  0:51  Probe (Chrono Boost)  
  17  0:59  Pylon  
  17  1:02  Probe (Chrono Boost)  
  18  1:06  Pylon  
  18  1:12  Probe (Chrono Boost)  
  19  1:23  Probe (Chrono Boost)  
  20  1:26  Photon Cannon  
  20  1:33  Probe (Chrono Boost)  
  21  1:43  Photon Cannon  
  21  1:44  Probe (Chrono Boost)  
  21  1:45  Photon Cannon  
  22  1:57  Probe (Chrono Boost)  
  23  2:03  Pylon  
  23  2:07  Probe (Chrono Boost)  
  24  2:16  Assimilator  
  24  2:18  Probe (Chrono Boost)  
  24  2:19  Assimilator  
  25  2:33  Probe (Chrono Boost)  
  26  2:41  Gateway, Photon Cannon  
  26  3:00  Probe (Chrono Boost)  
  27  3:11  Nexus  
  27  3:19  Probe (Chrono Boost)  
  28  3:27  Pylon  
  28  3:32  Pylon  
  28  3:37  Nexus  
  28  3:46  Probe (Chrono Boost)  
  29  3:51  Photon Cannon  
  29  4:00  Photon Cannon  
  29  4:07  Probe (Chrono Boost)  
  30  4:15  Pylon  
  30  4:18  Probe (Chrono Boost)  
  31  4:28  Probe x2 (Chrono Boost)  
  33  4:35  Photon Cannon  
  34  4:38  Probe (Chrono Boost)  
  34  4:39  Probe (Chrono Boost)  
  34  4:41  Photon Cannon  
  34  4:45  Assimilator  
  35  4:48  Assimilator  
  35  4:51  Probe (Chrono Boost)  
  36  4:57  Pylon  
  37  5:01  Probe (Chrono Boost)  
  37  5:15  Photon Cannon  
  37  5:17  Photon Cannon  
  37  5:19  Photon Cannon  
  37  5:22  Photon Cannon  
  37  5:25  Pylon  
  38  5:28  Probe (Chrono Boost)  
  38  5:30  Probe (Chrono Boost)  
  39  5:39  Probe (Chrono Boost)  
  39  5:40  Cybernetics Core  
  39  5:41  Probe (Chrono Boost)  
  41  5:44  Assimilator  
  41  5:50  Assimilator  
  41  6:03  Photon Cannon  
  41  6:08  Pylon  
  41  6:11  Probe (Chrono Boost)  
  42  6:17  Stargate  
  41  6:18  Stargate  
  41  6:22  Stargate  
  41  6:25  Stargate  
  41  6:29  Photon Cannon  
  41  6:32  Pylon  
  41  6:33  Probe (Chrono Boost)  
  42  6:43  Pylon  
  42  6:44  Mothership Core (Chrono Boost), Probe (Chrono Boost)  
  45  6:49  Photon Cannon  
  45  7:02  Photon Cannon  
  45  7:04  Photon Cannon  
  45  7:08  Phoenix  
  47  7:14  Phoenix  
  49  7:19  Phoenix  
  51  7:25  Phoenix  
  51  7:27  Probe (Chrono Boost)  
  54  7:37  Photon Cannon  
  54  7:38  Probe (Chrono Boost)  
  54  7:41  Photon Cannon  
  55  7:46  Phoenix  
  57  7:57  Phoenix x2  
  61  8:04  Pylon  
  61  8:21  Photon Cannon  
  61  8:23  Probe (Chrono Boost), Photon Cannon  
  61  8:26  Photon Cannon  
  62  8:33  Void Ray  
  67  8:34  Probe (Chrono Boost)  
  67  8:44  Probe (Chrono Boost)  
  68  8:55  Probe (Chrono Boost)  
  69  9:02  Photon Cannon  
  69  9:04  Photon Cannon  
  69  9:08  Photon Cannon  
  69  9:09  Photon Cannon  
  67  9:18  Void Ray x2  
  75  9:37  Void Ray x2  
  83  9:40  Probe (Chrono Boost)  
  84  9:51  Probe (Chrono Boost)  
  85  10:01  Probe (Chrono Boost)  
  86  10:12  Probe (Chrono Boost)  
  83  10:23  Probe (Chrono Boost)  
  83  10:25  Oracle  
  83  10:26  Oracle x3  
  96  10:33  Probe (Chrono Boost)  
  97  10:44  Probe (Chrono Boost)  
  98  10:54  Probe (Chrono Boost)  
  99  11:01  Oracle x3  
  108  11:09  Oracle  
  109  11:37  Oracle x3  
  116  11:44  Oracle  
  117  11:51  Mothership Core (Chrono Boost)  
  103  12:06  Pylon  
  100  12:08  Pylon  
  100  12:10  Pylon  
  100  12:13  Pylon  
  100  12:15  Pylon  
  100  12:17  Nexus  
  100  12:19  Pylon  
  100  12:28  Oracle x3  
  85  13:04  Probe (Chrono Boost)  
  91  13:14  Probe (Chrono Boost), Forge  
  91  13:15  Probe (Chrono Boost)  
  93  13:20  Assimilator  
  93  13:22  Phoenix x2  
  93  13:23  Phoenix  
  93  13:25  Assimilator, Probe x2 (Chrono Boost)  
  90  13:35  Probe (Chrono Boost)  
  90  13:36  Probe (Chrono Boost)  
  92  13:43  Pylon  
  92  13:46  Probe x2 (Chrono Boost)  
  92  13:47  Phoenix  
  90  13:56  Probe (Chrono Boost)  
  90  14:05  Phoenix x2  
  90  14:07  Probe (Chrono Boost)  
  95  14:12  Phoenix  
  97  14:17  Probe (Chrono Boost)  
  81  14:38  Probe (Chrono Boost)  
  77  14:48  Void Ray x3  
  77  14:49  Probe (Chrono Boost)  
  77  14:59  Probe (Chrono Boost)  
  77  15:30  Void Ray x2  
  77  15:31  Void Ray  
Show
View Real Time Build Order
Export as new Build Order

lovenico Zerg 

Build Orders: Hatch First 

Get SALT Encoding   

  12  0:01  Drone  
  13  0:12  Overlord  
  13  0:19  Drone  
  14  0:23  Extractor  
  14  0:24  Drone  
  15  0:41  Drone x2  
  17  0:55  Hatchery  
  16  0:58  Drone  
  16  1:02  Drone  
  18  1:08  Extractor  
  17  1:19  Spawning Pool  
  17  1:21  Drone  
  17  1:25  Drone  
  18  1:29  Drone  
  19  1:39  Drone  
  20  2:10  Zergling x2  
  20  2:11  Zergling x4  
  20  2:13  Queen  
  25  2:19  Zergling x4, Spine Crawler  
  26  2:23  Zergling x2  
  20  2:51  Drone x2  
  20  3:03  Drone x3  
  23  3:11  Metabolic Boost  
  23  3:15  Drone  
  23  3:16  Drone  
  25  3:23  Drone  
  25  3:24  Drone  
  27  3:30  Overlord  
  27  3:35  Overlord  
  27  3:44  Queen  
  27  3:45  Extractor  
  29  3:50  Drone  
  29  3:51  Drone x2  
  32  3:57  Lair  
  32  4:03  Drone x3  
  32  4:08  Overlord  
  35  4:14  Drone x3  
  38  4:28  Hatchery  
  38  4:29  Drone  
  38  4:38  Spore Crawler  
  38  4:40  Spore Crawler  
  38  4:42  Drone x2  
  38  4:43  Drone x2  
  40  4:51  Drone x2  
  40  4:52  Drone x2  
  44  4:55  Overseer  
  44  5:04  Extractor  
  44  5:05  Drone x5  
  48  5:09  Overlord  
  48  5:10  Overlord  
  48  5:18  Extractor  
  48  5:19  Extractor  
  46  5:22  Spire  
  46  5:25  Drone x4  
  49  5:30  Queen  
  49  5:34  Overlord  
  51  5:37  Overlord  
  51  6:17  Drone  
  51  6:18  Drone x11  
  62  6:19  Hatchery  
  62  6:31  Zergling x2  
  62  6:32  Zergling x2  
  64  6:37  Mutalisk x4  
  64  6:39  Mutalisk x3  
  78  6:55  Zergling x4  
  78  7:00  Hatchery  
  79  7:04  Overlord x2  
  79  7:06  Drone x3  
  82  7:14  Zerg Flyer Weapons Level 1  
  82  7:17  Evolution Chamber  
  82  7:18  Zergling x8, Roach Warren, Evolution Chamber  
  82  7:22  Mutalisk  
  85  7:44  Pneumatized Carapace  
  85  7:47  Mutalisk  
  85  7:48  Mutalisk x3  
  85  7:50  Overlord x2  
  93  7:52  Drone x5  
  93  7:53  Queen  
  98  7:59  Overlord  
  98  8:08  Zergling x2  
  98  8:09  Zergling x10  
  100  8:15  Spore Crawler  
  100  8:18  Overlord x2  
  91  8:23  Zergling x4  
  93  8:28  Queen x3  
  93  8:30  Zergling x4  
  101  8:37  Drone x2  
  101  8:39  Spore Crawler  
  102  8:44  Spore Crawler  
  100  8:55  Zergling x12  
  92  8:56  Zergling x2  
  91  9:09  Zerg Ground Armor Level 1, Zerg Missile Weapons Level 1  
  88  9:13  Hydralisk Den  
  83  9:25  Drone  
  83  9:26  Drone x9  
  83  9:27  Spore Crawler  
  88  9:44  Glial Reconstitution  
  88  9:45  Muscular Augments  
  88  9:46  Hydralisk x6  
  88  9:50  Drone  
  101  9:53  Extractor  
  101  9:54  Queen  
  101  9:55  Extractor  
  101  10:00  Hydralisk  
  101  10:01  Hydralisk x7  
  112  10:10  Hydralisk x2  
  112  10:11  Hydralisk x2  
  118  10:17  Queen  
  116  10:26  Zerg Flyer Armor Level 1  
  116  10:32  Zergling x2  
  116  10:33  Zergling x18  
  126  10:46  Drone x5  
  126  10:47  Overlord x2  
  126  10:53  Queen  
  126  10:55  Overlord  
  126  10:56  Overlord x2  
  128  11:05  Overlord x3  
  128  11:12  Extractor  
  128  11:14  Hydralisk x3, Extractor  
  132  11:20  Hatchery  
  128  11:31  Zergling x8  
  129  11:42  Hydralisk x5  
  138  11:52  Zerg Missile Weapons Level 2, Zerg Ground Armor Level 2  
  130  11:55  Drone x3  
  130  11:56  Drone  
  134  12:05  Spore Crawler, Drone  
  134  12:06  Drone x2  
  134  12:07  Spore Crawler  
  135  12:20  Drone  
  135  12:21  Drone x5  
  139  12:36  Hydralisk x5  
  143  12:45  Zergling x2  
  143  12:46  Zergling x8  
  110  13:03  Hydralisk x5  
  110  13:13  Drone  
  110  13:14  Drone  
  110  13:30  Mutalisk  
  110  13:31  Mutalisk x2  
  116  13:36  Mutalisk x2  
  116  13:38  Mutalisk x2  
  116  13:40  Mutalisk  
  126  13:45  Zergling x2  
  127  13:55  Hatchery  
  102  14:09  Drone  
  102  14:10  Drone x8  
  102  14:15  Zergling x4  
  107  14:25  Mutalisk  
  107  14:26  Mutalisk x2  
  107  14:27  Overlord  
  107  14:35  Mutalisk x2  
Tags
 
Add a new tag
Caveats
  • Supply blocks, unpowered buildings, or Contaminate may cause inaccurate times.
  • Supply counts are checked every 10 seconds.